[Event "FIDE World School-ch O-15 2025"]
[Site "Vrnjacka Banja"]
[Date "2025.03.27"]
[Round "8.1"]
[White "Scheglov, Gleb"]
[Black "Tulendinov, Dinmukhammed"]
[Result "1-0"]
[Annotator "TA"]
[ECO "A62"]
[WhiteElo "2306"]
[BlackElo "2173"]
[PlyCount "103"]
[EventDate "2025.03.19"]
[EventType "swiss"]
[EventCountry "SRB"]
[SourceTitle "playchess.com"]
[Source "ChessBase"]
[SourceQuality "1"]
[TimeControl "5400+30"]

1. d4 Nf6 2. c4 e6 3. Nf3 c5 4. d5 d6 5. Nc3 exd5 6. cxd5 g6 7. g3 Bg7 8. Bg2 O-O 9. O-O Re8 10. Re1 h6 {[%emt 0:00:49] A62: Modern Benoni: Fianchetto Variation without early ...Nbd7.} (10... Nbd7 $11 {remains equal.}) 11. h3 Nbd7 12. Nd2 a6 {[%emt 0:20:03] The position is equal.} 13. a4 Rb8 14. Nc4 Ne5 15. Nxe5 Rxe5 16. a5 $146 ({Predecessor:} 16. e4 Re8 17. Bf4 Nh5 18. Be3 b5 19. axb5 axb5 20. Qd2 b4 21. Ne2 Nf6 22. Bxh6 Nxe4 23. Bxe4 Rxe4 24. Bxg7 Kxg7 {0-1 Janik,I (2525)-Halkias,S (2527) Wch Rapid Warsaw 2021 (10)}) 16... Re8 17. Bd2 b5 18. axb6 Qxb6 19. Ra2 Nd7 (19... g5 $11) 20. Qa4 ({White should try} 20. Ne4 $1 $16) 20... Qb3 21. Qxb3 $1 Rxb3 22. Ne4 Bf8 23. Bc3 Rb8 24. g4 Bb7 25. Rd1 Be7 26. e3 Rf8 27. Raa1 {[%emt 0:04:05] White has more active pieces.} f5 28. gxf5 Rxf5 29. Ng3 (29. Ba5 $5) 29... Rff8 30. Ra4 Nf6 31. h4 (31. Ne2 $14) 31... Bc8 $11 32. Rd2 h5 33. f3 (33. Ne2 $14) 33... Ra8 34. Bf1 Kh7 35. Rf4 Bb7 36. Bc4 Kh6 37. Ne4 Nxe4 38. fxe4 (38. Rxe4 $14 Rf7 39. Rg2) 38... Rxf4 39. exf4 Bxh4 40. Rg2 {[%emt 0:01:01] Repels Bg3} Rf8 41. e5 dxe5 (41... Rxf4 $15 42. Bd3 Rg4 (42... Bxd5 43. Rxg6+ Kh7 44. Rf6+ Re4 45. Rxd6 $18) (42... Bg5 43. exd6 Rg4 44. Rxg4 $11) 43. Bd2+ Bg5 44. Bxg5+ Kxg5 (44... Rxg5 45. Rxg5 Kxg5 46. exd6 $17) 45. Rxg4+ hxg4 46. exd6 Kf6 (46... Bxd5 $2 47. d7 $18)) 42. fxe5 $14 Bg5 $2 (42... Rf5 $1 $11) 43. Bd2 $1 $18 Bxd2 44. Rxd2 {[%emt 0:00:01][%mdl 4096] Endgame KRB-KRB. Black is a pawn up.} Rf4 {[%emt 0:00:59] [#]} (44... Bxd5 {might work better.} 45. Rxd5 (45. Bxd5 Rd8 $18) 45... Kg5 46. e6+ (46. Bxa6 Kf4 $18) (46. Rxc5 h4 $18) 46... Kf6 47. Rxc5 (47. Bxa6 Re8 $18) 47... Re8) 45. d6 $1 Rg4+ $2 (45... Rxc4 $2 46. d7 Rg4+ 47. Kh2 Rh4+ 48. Kg3 Rg4+ 49. Kh3 $18) (45... Bc8) 46. Kf2 Rxc4 {[%emt 0:00:46] KRB-KR} (46... Rf4+ $142 47. Ke3 Re4+ (47... Rxc4 $2 48. d7 $18) 48. Kd3 Rd4+ 49. Kc3 Bc6 (49... Rxd2 $2 50. Kxd2 Bc8 51. e6 $18)) 47. d7 Rf4+ 48. Kg3 $2 (48. Ke2 $18) 48... Rf8 $16 49. e6 {[%emt 0:00:21][%cal Be5e6,Be6e7][%mdl 1056] and e7 should not be overlooked White has strong compensation.} (49. d8=B $2 Rf3+ 50. Kh2 Re3 $19) 49... Kg5 $2 (49... Bc6 $16) 50. e7 $18 (50. d8=R h4+ 51. Kh2 Rf1 $14) ({Weaker is} 50. d8=Q+ Rxd8 51. Rxd8 Kf6 $16) ({Worse is} 50. d8=B+ Kh6 $15) 50... Rf3+ 51. Kh2 Rf1 {[%emt 0:00:58] [#]} 52. Rg2+ $1 {[%emt 0:00:29][%mdl 512] Weighted Error Value: White=0.31/Black=0.87  Loses game:     	---       	Black=2      Mistake:       	White=4     	Black=5      Inaccurate:     	White=7     	Black=4      OK:         	White=12    	Black=10     Best:        	White=3     	---        Strong:       	White=3     	---} 1-0

[Event "FIDE World School-ch O-15 2025"]
[Site "Vrnjacka Banja"]
[Date "2025.03.27"]
[Round "8.2"]
[White "Tabatadze, Erekle"]
[Black "Ashikmamutov, Saidkhon"]
[Result "1/2-1/2"]
[Annotator "TA"]
[ECO "E46"]
[WhiteElo "2180"]
[BlackElo "1978"]
[PlyCount "126"]
[EventDate "2025.03.19"]
[EventType "swiss"]
[EventCountry "SRB"]
[SourceTitle "playchess.com"]
[Source "ChessBase"]
[SourceQuality "1"]
[TimeControl "5400+30"]

1. d4 Nf6 2. c4 e6 3. Nc3 Bb4 4. e3 O-O 5. Nge2 Re8 6. a3 Bf8 7. d5 a5 8. g3 {[%emt 0:00:11] E46: Nimzo-Indian: Rubinstein: 4 e3 0-0 5 Ne2 without early Bd3.} Na6 9. Bg2 exd5 10. cxd5 Nc5 11. b3 b6 $1 12. Ra2 Ba6 {[%emt 0:00:31] [#] aiming for ...Nd3+.} 13. O-O Nd3 {[%emt 0:15:19] was the old line (13...Nfe4).} 14. Rd2 Nxc1 15. Qxc1 Rc8 16. Rfd1 Qe7 17. Ra2 $146 ({Predecessor:} 17. a4 h6 18. Nb5 Qe5 19. Ned4 Ne4 20. Rc2 Bc5 21. Nc3 Nxc3 22. Rxc3 Bb4 23. Rc2 {½-½ Sharpe,S (2329)-Harvey,D (2333) ENG MT-Bowyer email 2017}) 17... c6 18. dxc6 dxc6 19. Nd4 c5 20. Ndb5 Qe5 21. Na7 {[%emt 0:06:11] A dynamic duo of knights.} (21. Rad2 c4 22. bxc4 Rxc4 $19) 21... Rc7 22. Ncb5 Bxb5 23. Nxb5 Rcc8 24. Rad2 Qb8 25. Qc4 Rcd8 26. Bd5 {[%emt 0:01:37] White has more active pieces.} Rd7 27. a4 Qe5 28. Kg2 h6 29. Nc3 g5 (29... Qf5 $14) 30. Bc6 $16 Rxd2 31. Rxd2 (31. Bxe8 $1 $16 Rxf2+ 32. Kxf2 Qxe8 33. Nd5) 31... Rc8 $14 {[%emt 0:00:09] Black is weak on the light squares} 32. Bf3 Kg7 33. Rd3 Rb8 34. Nd5 Ne8 35. Qa6 b5 36. axb5 $18 {[%emt 0:01:23][%csl Ob5] White has a strong passed pawn} g4 37. Be2 (37. Bxg4 $2 Qe4+ 38. Bf3 Qxd3 $19) 37... Rd8 38. Qc6 (38. Qxa5 Rxd5 39. Kg1 Nf6 $17) (38. Nf4 $18 {and White stays clearly on top.} Qe4+ 39. f3) 38... Rd6 $16 {[%emt 0:00:24] [#]} 39. Qxc5 (39. Qa8 $1 $16 {[%cal Ob5b6] And now b6! would win.} Qe4+ 40. Kg1) 39... Nf6 $36 {[%emt 0:00:14][%mdl 2048] Black wants to play ...Qe4+. White is under pressure.} 40. b6 Rxd5 41. Rxd5 Qxd5+ ({Better is} 41... Nxd5 $15 42. Qc6 Qd6) 42. Qxd5 Nxd5 43. b7 Bd6 44. Bxg4 Kf8 45. e4 {[%emt 0:01:03][%cal Be3e4,Be4e5][%mdl 1056] White has compensation.} Nb4 (45... Nf6 $1 $11 46. Bf5 Bc7) 46. f4 Nd3 47. e5 $1 Bb8 48. Bf3 $1 Ke7 49. Be4 Nc5 50. Bd5 f6 51. exf6+ Kxf6 52. Kf3 Kf5 53. g4+ Kf6 54. h4 a4 (54... Ba7 $14) 55. bxa4 Nxa4 56. g5+ hxg5 (56... Kg7 $16 {was necessary.}) 57. hxg5+ Kg7 58. f5 Nc5 59. f6+ Kg6 60. Kg4 Be5 61. f7 $2 ({And not} 61. Bc6 Nxb7 62. Be4+ (62. Bxb7 Bxf6 63. Be4+ Kg7 $16) (62. Be8+ Kh7 $16) 62... Kf7 $14) (61. Bg2 $18) 61... Kg7 {[%emt 0:00:00] The position is equal.} 62. Kf5 Bd6 63. g6 Nxb7 {[%emt 0:00:03] Weighted Error Value: White=0.22 (precise) /Black=0.21 (precise)   Missed win:     	White=1     	---        Mistake:       	White=4     	Black=6      Inaccurate:     	White=3     	Black=8      OK:         	White=23    	Black=23     Best:        	White=6     	Black=3      Strong:       	White=2     	Black=1} 1/2-1/2

[Event "FIDE World School-ch O-15 2025"]
[Site "Vrnjacka Banja"]
[Date "2025.03.27"]
[Round "8.3"]
[White "Kabinazar, Nurmukhammed"]
[Black "Khaleev, Timofey D"]
[Result "1-0"]
[Annotator "NA RC"]
[ECO "B30"]
[WhiteElo "2057"]
[BlackElo "1919"]
[PlyCount "41"]
[EventDate "2025.03.19"]
[EventType "swiss"]
[EventCountry "SRB"]
[SourceTitle "playchess.com"]
[Source "ChessBase"]
[SourceQuality "1"]
[TimeControl "5400+30"]

1. e4 c5 2. Nf3 Nc6 3. Bb5 e6 4. O-O Nge7 5. Re1 a6 6. Bf1 b6 7. b3 Nd4 8. Bb2 Nec6 9. c3 Nxf3+ 10. Qxf3 Be7 11. d4 cxd4 12. cxd4 d5 13. Nc3 Nb4 14. exd5 Nxd5 15. Bc4 Nc7 16. d5 Bb7 17. Qg3 b5 18. dxe6 Nxe6 19. Bxe6 fxe6 20. Qxg7 Rf8 21. Rxe6 1-0

[Event "FIDE World School-ch O-15 2025"]
[Site "Vrnjacka Banja"]
[Date "2025.03.27"]
[Round "8.4"]
[White "Urangoo, Gurvanbaatar"]
[Black "Yessengali, Adizhan"]
[Result "1/2-1/2"]
[Annotator "TA"]
[ECO "B15"]
[WhiteElo "1982"]
[BlackElo "1955"]
[PlyCount "222"]
[EventDate "2025.03.19"]
[EventType "swiss"]
[EventCountry "SRB"]
[SourceTitle "playchess.com"]
[Source "ChessBase"]
[SourceQuality "1"]
[TimeControl "5400+30"]

1. e4 c6 2. d4 d5 3. Nc3 dxe4 4. Nxe4 Nf6 5. Nxf6+ exf6 6. c3 Bd6 7. Bd3 O-O 8. Ne2 Re8 9. Qc2 {[%emt 0:00:17] B15: Caro-Kann: 3 Nc3: 3...g6 and 3...dxe4 4 Nxe4 Nf6 5 Nxf6+ exf6.} h5 10. O-O h4 11. h3 {[%emt 0:00:53] White is slightly better.} Nd7 12. Be3 Nf8 13. Rad1 Bd7 14. c4 Rc8 15. Qb3 $146 (15. Nf4 Bb8 16. c5 Qc7 17. Rfe1 Ne6 18. g3 Ng5 19. Kg2 hxg3 20. fxg3 Bxh3+ 21. Kf2 {0-1 Jaracz,P (2463)-Tari,A (2656) Titled Tuesday intern op 11th Oct Late blitz 2022 (7)}) 15... b5 16. d5 bxc4 17. Qxc4 g5 18. dxc6 Rxc6 19. Qd5 Bb8 $1 20. Bc1 (20. Bc4 $11 Ne6 21. Qxd7 Qxd7 22. Rxd7 Rxc4 23. Rfd1 (23. Bxa7 $2 Nf8 $19)) 20... Rd6 $17 21. Qb3 Be6 22. Qc2 Qa5 {[%emt 0:02:03] Black plays on the queen side and is better} (22... Bxa2 $17 23. Be3 Rd5) 23. Nc3 Rc8 24. Rfe1 (24. Qe2 $11) 24... Qc7 25. f4 $1 Rc6 (25... Rd7 $15) 26. Be4 Rc4 27. Qe2 f5 (27... gxf4 $11 28. Kh1 f5 29. Bxf5 (29. Bd5 Rb4 $14) 29... f3 (29... Bxf5 30. Nd5 $11) 30. gxf3 Bxf5) 28. Bd5 $16 Rxf4 29. Bxe6 (29. Qh5 $1 $18 Rb4 30. Qxg5+ Kh8 31. Qf6+ Kg8 32. Bh6 (32. Qg5+ Kh8 $16) 32... Qh2+ 33. Kf1 Rf4+ (33... Qh1+ $2 34. Kf2 $18) 34. Ke2 (34. Bxf4 Qxf4+ 35. Kg1 Qh2+ 36. Kf1 Qf4+ 37. Bf3 Bc4+ 38. Ne2 Be5 $11)) 29... fxe6 $11 30. Qh5 {[%emt 0:00:25] Active counter play!} Rc4 $36 {[%emt 0:01:02][%mdl 2048] ...Qh2+ is the strong threat. Black has some pressure.} 31. Qxg5+ (31. Bxg5 $2 Qh2+ 32. Kf2 Bg3+ 33. Kf3 Bxe1 34. Rxe1 Qg3+ 35. Ke2 Rb4 $19 (35... Qxg2+ $2 36. Kd1 $19)) 31... Qg7 32. Qxg7+ Kxg7 33. Rf1 f4 34. Rfe1 e5 35. Ne4 Ne6 36. Rd7+ Kg6 37. Bd2 Rd8 38. Rxd8 Nxd8 39. Bc3 Kf5 40. Nd2 Rc5 41. Nf3 Nc6 42. Nxh4+ Ke6 43. Ng6 (43. Nf3 $14) 43... Rc4 44. Kf2 (44. h4 $14) 44... Bd6 (44... Kf6 $15 45. Nh4 Nb4) 45. g3 Bc5+ $2 (45... fxg3+ $11 {and Black has nothing to worry.} 46. Kxg3 Kf6) 46. Kf3 $18 Kf5 47. Nh4+ (47. Nxe5 Rxc3+ 48. bxc3 Nxe5+ 49. Rxe5+ Kxe5 50. gxf4+ Kf5 $19) (47. Nxf4 $1 $18 {Threatens to win with g4+.} Nd4+ (47... exf4 $2 48. g4+ Kg5 49. h4+ Kg6 50. Re6+ Kf7 51. Rxc6 $18) 48. Bxd4 Bxd4 49. g4+ Kf6 50. Nd5+ Ke6 51. Nc3) 47... Kf6 48. Ng2 fxg3 49. Kxg3 Bd4 50. Ne3 Ra4 51. Ng4+ Kf5 (51... Ke6) 52. Bxd4 (52. Rf1+ $142 Ke6 53. h4) 52... exd4 $16 {[%emt 0:00:06][%mdl 4096] Endgame KRN-KRN. White is a pawn up.} 53. a3 Rc4 54. Re2 {[%emt 0:00:40] Inhibits Rc2.} Rc1 55. Nh6+ $1 Kg5 56. Ng4 (56. Re6 $1 $16) 56... Kf5 $1 $14 57. Nh6+ (57. Kg2 $14) 57... Kg5 $1 $16 58. Ng4 ({Only move:} 58. Re6 $1 $16) 58... Kf5 $1 $14 59. Nh6+ (59. Kg2 $14) 59... Kg5 $1 $16 {[%emt 0:00:35] [#]} 60. Ng4 (60. Re6 $1 $16) 60... Rg1+ {[%emt 0:00:12] [#]} (60... Kf5 $1 $11 {keeps the balance.}) 61. Kf3 $1 Rd1 (61... d3 $16 {keeps fighting.} 62. Rd2 Rh1) 62. Nf2 Rf1 63. Kg2 ({White should play} 63. Ke4 $18) 63... Rc1 64. Kf3 (64. h4+ $16 Kxh4 65. Kf3) 64... Kf5 (64... Rf1 $1 $11) 65. Kg3 (65. h4 $14) 65... Rg1+ $11 66. Kh2 Rb1 67. Nd3 Rd1 68. Nf2 Rb1 69. Nd3 a5 70. Kg3 a4 71. Rc2 (71. h4 $14) 71... Nd8 ({Better is} 71... Ke4 $1 $11) 72. Nf2 (72. Nc5 $14) 72... Ne6 73. h4 Re1 74. Kg2 Nf4+ 75. Kg3 Re3+ 76. Kh2 d3 77. Rc5+ Ke6 78. Rc4 Rf3 79. Nxd3 Rh3+ (79... Nxd3 $2 80. Rxa4 Nxb2 81. Ra6+ Ke5 82. Kg2 $19) 80. Kg1 Nxd3 81. Rxa4 Nxb2 $15 {[%emt 0:00:21] KRN-KR} 82. Rb4 Nd3 83. Kg2 Re3 84. Rb8 Nf4+ 85. Kf2 Rxa3 86. Rb5 Nd5 87. Rb8 Kf5 88. Rb5 Ke4 89. Rb8 Rf3+ 90. Ke2 Nf4+ 91. Kd2 Rd3+ 92. Kc2 Rh3 93. Rb4+ Ke5 94. Rb5+ Nd5 95. h5 Kd4 96. Ra5 Nb4+ (96... Rxh5 97. Ra4+ Kc5 98. Kd2 Rh2+ 99. Kd3 Nb4+ 100. Ke4 Re2+ 101. Kf5 $19) 97. Kb2 Kc4 98. Ra8 Rh2+ (98... Rxh5 99. Rc8+ Kd4 100. Kb3 $19) 99. Kc1 Na2+ (99... Rxh5 100. Kd2 Rh3 101. Rc8+ Kd4 102. Ke2 $17) 100. Kd1 Nc3+ 101. Kc1 Ne2+ 102. Kd1 Nd4 103. h6 Rxh6 104. Kd2 Rh2+ 105. Ke3 Re2+ 106. Kf4 Rf2+ 107. Ke5 Rf5+ (107... Nc6+ $17 108. Kd6 Rf6+ 109. Kd7 Kd4 110. Ra4+ Kd5) 108. Ke4 $11 {[%emt 0:00:22] The position is equal.} Rf6 109. Ra4+ Kc5 110. Rxd4 Rf4+ 111. Kxf4 {[%emt 0:00:03] White threatens Ke5 and mate.} Kxd4 {[%emt 0:00:05] Weighted Error Value: White=0.33/Black=0.30  Loses game:     	---       	Black=1      Missed win:     	White=2     	---        Mistake:       	White=15    	Black=10     Inaccurate:     	White=10    	Black=13     OK:         	White=26    	Black=34     Best:        	White=8     	Black=6      Strong:       	White=3     	Black=5} 1/2-1/2

[Event "FIDE World School-ch O-15 2025"]
[Site "Vrnjacka Banja"]
[Date "2025.03.27"]
[Round "8.5"]
[White "Dandeniya, D D L N"]
[Black "Talgatov, Nazar"]
[Result "1-0"]
[Annotator "NA RC"]
[ECO "E11"]
[WhiteElo "1881"]
[BlackElo "2083"]
[PlyCount "99"]
[EventDate "2025.03.19"]
[EventType "swiss"]
[EventCountry "SRB"]
[SourceTitle "playchess.com"]
[Source "ChessBase"]
[SourceQuality "1"]
[TimeControl "5400+30"]

1. d4 Nf6 2. c4 e6 3. Nf3 d5 4. g3 Bb4+ 5. Bd2 Be7 6. Bg2 O-O 7. Qc2 c6 8. h4 Ne4 9. Nc3 f5 10. Ne5 Nd7 11. Nxd7 Bxd7 12. Nxe4 fxe4 13. f4 b5 14. c5 a5 15. a4 Qc7 16. axb5 cxb5 17. O-O b4 18. b3 Bb5 19. Be3 Qc6 20. Qd2 Bd8 21. Bh3 Ra7 22. Kg2 Raf7 23. Rf2 Bc7 24. h5 Qe8 25. Bg4 Rf6 26. Rh1 Bd7 27. Rhf1 Qc8 28. Rc1 Bc6 29. Rcf1 Bd7 30. Rc1 Bc6 31. Rcf1 Qe8 32. Rh1 Qb8 33. Ra1 Be8 34. Qc2 g6 35. h6 g5 36. fxg5 Rxf2+ 37. Bxf2 Kh8 38. Bxe6 Rxf2+ 39. Kxf2 Bxg3+ 40. Kg2 Bh4 41. Rf1 Bf7 42. Bd7 Qg8 43. Kh1 Bg3 44. Qd2 Qg6 45. Bg4 Bh4 46. Qf4 Kg8 47. Qb8+ Be8 48. Bd7 Bxg5 49. Qxe8+ Qxe8 50. Bxe8 1-0

[Event "FIDE World School-ch O-15 2025"]
[Site "Vrnjacka Banja"]
[Date "2025.03.27"]
[Round "8.6"]
[White "Harabor, David-Alexandru"]
[Black "Cirkovic, Vuk"]
[Result "1/2-1/2"]
[Annotator "NA RC"]
[ECO "E73"]
[WhiteElo "1989"]
[BlackElo "1981"]
[PlyCount "94"]
[EventDate "2025.03.19"]
[EventType "swiss"]
[EventCountry "SRB"]
[SourceTitle "playchess.com"]
[Source "ChessBase"]
[SourceQuality "1"]
[TimeControl "5400+30"]

1. d4 Nf6 2. c4 g6 3. Nc3 Bg7 4. e4 d6 5. Be2 O-O 6. h4 e5 7. d5 h5 8. Nf3 a5 9. Ng5 Na6 10. f3 Nc5 11. Be3 c6 12. Qd2 cxd5 13. cxd5 Bd7 14. O-O-O Qe8 15. Kb1 b5 16. Rc1 Rc8 17. Nd1 b4 18. Nf2 Bb5 19. g4 Qd7 20. Rhg1 Rc7 21. f4 Bxe2 22. Qxe2 exf4 23. Bxf4 Re8 24. gxh5 Nxh5 25. Qf3 Nxf4 26. Qxf4 Rec8 27. h5 Na4 28. hxg6 Rxc1+ 29. Rxc1 Rxc1+ 30. Qxc1 fxg6 31. Ne6 Bxb2 32. Qg5 Bg7 33. Nd1 Qe8 34. Kc2 Qc8+ 35. Kd2 Qe8 36. Ne3 Nc3 37. Kd3 Na4 38. Nf5 Nc5+ 39. Nxc5 gxf5 40. Ne6 fxe4+ 41. Kxe4 Qd7 42. Nxg7 Qxg7 43. Qd8+ Qf8 44. Qxa5 Qe8+ 45. Kd3 Qg6+ 46. Kc4 Qe4+ 47. Kb3 Qb1+ 1/2-1/2

[Event "FIDE World School-ch O-15 2025"]
[Site "Vrnjacka Banja"]
[Date "2025.03.27"]
[Round "8.7"]
[White "Perera, K Damiru Damsara"]
[Black "Daksh Santosh Nathani"]
[Result "1-0"]
[Annotator "NA RC"]
[ECO "B08"]
[WhiteElo "1626"]
[BlackElo "1664"]
[PlyCount "177"]
[EventDate "2025.03.19"]
[EventType "swiss"]
[EventCountry "SRB"]
[SourceTitle "playchess.com"]
[Source "ChessBase"]
[SourceQuality "1"]
[TimeControl "5400+30"]

1. e4 c6 2. d4 d5 3. Nc3 dxe4 4. Nxe4 g6 5. c3 Bg7 6. Bd3 Nf6 7. Nf3 O-O 8. O-O Nxe4 9. Bxe4 Nd7 10. Re1 Qc7 11. Bc2 e5 12. dxe5 Nxe5 13. Nxe5 Bxe5 14. Bh6 Bg7 15. Bxg7 Kxg7 16. Qd4+ Kg8 17. Bb3 c5 18. Qe5 Qxe5 19. Rxe5 b6 20. Bd5 Rb8 21. Re7 a5 22. Rae1 Kg7 23. Rc7 Bf5 24. Ree7 Rbe8 25. f3 Rxe7 26. Rxe7 Bc8 27. Rc7 Kf6 28. Bxf7 Rxf7 29. Rxc8 Ke5 30. Rc6 Rb7 31. Kf2 Kd5 32. Rc8 Kc4 33. Ke2 Rd7 34. Ra8 Rd5 35. Re8 Rh5 36. h3 b5 37. Re4+ Kd5 38. Re7 Rg5 39. g4 Re5+ 40. Rxe5+ Kxe5 41. a4 bxa4 42. Kd3 Kf4 43. Kc4 Kg3 44. Kxc5 Kxh3 45. Kb5 h5 46. gxh5 gxh5 47. c4 Kg3 48. c5 h4 49. c6 h3 50. c7 h2 51. c8=Q h1=Q 52. Qc7+ Kf2 53. Qc5+ Ke2 54. Qc4+ Kf2 55. Qd4+ Ke2 56. Qe4+ Kd2 57. Qd4+ Ke2 58. f4 Qh7 59. Kxa4 Qc2+ 60. Kxa5 Qc7+ 61. Kb4 Qb7+ 62. Kc3 Qf3+ 63. Kb4 Qb7+ 64. Kc5 Qa7+ 65. Kd5 Qb7+ 66. Ke5 Qe7+ 67. Kf5 Qh7+ 68. Kg5 Qg8+ 69. Kh6 Qf8+ 70. Kg6 Qg8+ 71. Qg7 Qe8+ 72. Qf7 Qe4+ 73. f5 Qg4+ 74. Kh7 Qh4+ 75. Kg8 Qd8+ 76. Kg7 Qg5+ 77. Kf8 Qh6+ 78. Qg7 Qc6 79. Qe5+ Kf3 80. f6 Qc8+ 81. Kf7 Qd7+ 82. Kg6 Qg4+ 83. Qg5 Qc4 84. f7 Ke4 85. f8=Q Qc6+ 86. Qgf6 Qc2 87. Qf5+ Kd4 88. Qxc2 Kd5 89. Qd8+ 1-0

[Event "FIDE World School-ch O-15 2025"]
[Site "Vrnjacka Banja"]
[Date "2025.03.27"]
[Round "8.8"]
[White "Mane, Arnav"]
[Black "Durucay, Uygar"]
[Result "0-1"]
[Annotator "TA"]
[ECO "B12"]
[WhiteElo "1748"]
[BlackElo "2159"]
[PlyCount "98"]
[EventDate "2025.03.19"]
[EventType "swiss"]
[EventCountry "SRB"]
[SourceTitle "playchess.com"]
[Source "ChessBase"]
[SourceQuality "1"]
[TimeControl "5400+30"]

1. e4 c6 2. d4 d5 3. e5 Bf5 4. h4 a6 5. Nc3 h5 6. Nce2 {[%emt 0:00:04] B12: Caro-Kann: Advance Variation.} e6 7. Ng3 Bg6 8. Bd3 $146 {[%emt 0:01:06] The position is equal.} (8. Nh3 c5 9. Nf4 Ne7 10. c3 cxd4 11. cxd4 Nbc6 12. Be2 Qb6 13. Be3 Bf5 14. Nfxh5 Qxb2 {1-0 Shirov,A (2739)-Morozevich,A (2755) EU-chT (Men) 16th 2007 (8.1)}) 8... Bxd3 9. cxd3 g6 10. Qb3 Qa5+ 11. Bd2 Qb5 12. Qc2 a5 13. a4 Qb6 14. Nf3 Na6 15. Bc3 Nb4 16. Qd2 Qa6 17. O-O (17. Ke2 $11 {remains equal.}) 17... Nxd3 $17 18. Rfd1 Nb4 19. Ng5 Nh6 20. Qf4 Be7 {[%emt 0:01:51] Dodges Qf6} 21. Bxb4 axb4 22. b3 Qa5 23. Rdc1 Qd8 24. Qd2 Kf8 25. Nf1 Kg7 26. g3 Qb6 27. Qf4 Rhc8 28. Kg2 Ra5 29. Nh2 {[%emt 0:05:34] [#]} (29. Rab1 $17) 29... Nf5 $1 $19 30. Nhf3 c5 ({Better is} 30... Raa8 $19 31. Ra2 c5 32. dxc5 Rxc5) 31. g4 $17 hxg4 (31... Nxd4 32. Qxf7+ Kh8 33. Qh7#) 32. Qxg4 Rh8 (32... Nxd4 $2 33. Nxd4 Rb8 34. Ndf3 $18) (32... c4 $17 {And now ...c3 would win.} 33. h5 Nh6) 33. h5 $1 $15 c4 (33... Nxd4 34. Nxd4 Rxh5 35. Ndf3 Bxg5 36. Rh1 $18 (36. Nxg5 Qd8 $16)) (33... cxd4 34. hxg6 Bxg5 35. Qxg5 $18) (33... Rxh5 $6 34. Rh1 Nh6 (34... Nxd4 35. Rxh5 Qd8 36. Rh7+ Kf8 37. Nxf7 $18) 35. Qf4 $14) (33... Bxg5 $1 $15 34. Qxg5 Rxh5 (34... Nxd4 35. Qf6+ Kf8 36. hxg6 $18) 35. Qf6+ Kg8) 34. Rh1 $2 {[%emt 0:01:04] [#]} (34. hxg6 $11 {and White has nothing to worry.} fxg6 35. bxc4) 34... Raa8 $1 $19 {[%emt 0:00:50] Active counter play!} (34... cxb3 35. hxg6 Nh6 36. Qf4 $18) 35. hxg6 fxg6 {[%emt 0:00:04][%csl Of5] Strong Square Black (f5)} 36. Nh4 $2 {[%emt 0:00:54] This move loses the game for White.} (36. a5 $17 {is a better defense.} Qc6 (36... Rxa5 $2 {perishes.} 37. Rxh8 $18) 37. Nh4 cxb3 (37... Nxd4 38. Nxg6 Kxg6 39. Nh7+ Kf7 40. Qh5+ Kg7 41. Rag1) 38. Nxg6) 36... Rxh4 (36... Qxd4 37. Nxe6+ Kg8 38. Qxg6+) (36... Nxd4 37. Nxg6 Kxg6 38. Nh7+ (38. Nxe6+ Kf7 $18) 38... Kf7 39. Qh5+ Kg7 40. Rag1 $18) 37. Rxh4 Nxh4+ 38. Qxh4 Rh8 {[%emt 0:00:52] Against Qh7+} (38... cxb3 39. Qh7+ Kf8 40. Qh8#) 39. Qg4 Bxg5 ({Stronger than} 39... cxb3 40. Nxe6+ Kf7 41. Nf4 $11) 40. Qxg5 {[%emt 0:00:01][%mdl 4096] Endgame KQR-KQR. Black is a pawn up.} Qd8 {[%emt 0:00:23] Against Qf6+} (40... Qxd4 41. Qf6+ Kg8 42. Qxe6+ Kg7 43. Qf6+ Kg8 44. Qxg6+ Kf8 45. Qf6+ Kg8 46. Rg1 $18) 41. Qg3 (41. Qxd8 Rxd8 42. f4) 41... Qh4 42. Qxh4 Rxh4 {[%emt 0:00:01] KR-KR. Black is a pawn up.} 43. Rd1 c3 44. f3 {[%emt 0:00:52] [#]} Rxd4 $3 45. Rc1 (45. Rxd4 c2) 45... Rd2+ {[%emt 0:00:15] Black mates.} 46. Kg3 c2 47. Kf4 d4 48. Ke4 d3 49. Ke3 Rd1 {[%emt 0:00:05] Weighted Error Value: White=0.54/Black=0.12 (very precise)   Loses game:     	White=1     	---        Mistake:       	White=4     	Black=3      Inaccurate:     	White=3     	---        OK:         	White=12    	Black=16     Best:        	White=1     	Black=2      Strong:       	White=1     	Black=1} 0-1